AoeStats
← [TM] Goblin Wizard Bolton

Hideout

508488552Analyzed
1v1 RM · 10d ago on Sep 22, 2026· 38m 26s· 2 players
Game mode
Random Map
Map size
Tiny (2 player)
Population
200
Speed
Normal
Resources
Standard
Victory
Conquest
Starting age
Dark Age
Ending age
Imperial Age
RankedLock teamsTeams togetherTeam positionsShared explorationLock speedFull tech treeHidden civsTurbo modeCheats
Victory
Defeat
🇳🇱 Italians · Netherlands
1398
+14
🇬🇧 Danes · United Kingdom
1352
-14
[TM] Goblin Wizard Bolton
7:25 Loom
9:13 Feudal Age
10:30 Double-Bit Axe
11:46 Horse Collar
14:15 Fletching
19:55 Castle Age
18:09 Gold Mining
19:09 Padded Archer Armor
20:37 Bodkin Arrow
20:29 Crossbowman
22:24 Leather Archer Armor
22:52 Thumb Ring
29:26 Imperial Age
29:41 Ballistics
29:37 Arbalester
31:45 Chemistry
31:26 Bracer
34:10 Wheelbarrow
37:33 Hand Cart
37:04 Town Watch
Gold Eagle
10:31 Feudal Age
14:19 Castle Age
12:37 Double-Bit Axe
12:35 Horse Collar
14:19 Loom
16:11 Bow Saw
24:29 Scale Mail Armor
24:58 Gambesons
25:13 Squires
26:00 Forging
29:21 Chain Mail Armor
35:20 Imperial Age
32:44 Stone Mining
34:12 Wheelbarrow
33:52 Heavy Plow
Connection lost

Rejoining the realm…

Still unreachable

The connection could not be restored.

Session expired

The server has moved on; the page needs a fresh start.